 Dungeon Crawl Stone Soup version 0.28-a0-628-g3c9886e45e (webtiles) character file.

Game seed: 10170025979108865783

7 mordus the Poker (level 2, -11/26 HPs)
             Began as a Hill Orc Monk on Oct 8, 2021.
             Mangled by a goblin (18 damage)
             ... on level 1 of the Dungeon.
             The game lasted 00:00:23 (295 turns).

mordus the Poker (Hill Orc Monk)                     Turns: 295, Time: 00:00:24

Health: -11/26     AC:  2    Str: 13    XL:     2   Next: 4%
Magic:  2/2        EV: 12    Int: 10    God:
Gold:   21         SH:  0    Dex: 13    Spells: 1/1 levels left

rFire   . . .      SeeInvis .   a - +0 spear
rCold   . . .      Faith    .   (no shield)
rNeg    . . .      Spirit   .   b - +0 robe
rPois   .          Reflect  .   (no helmet)
rElec   .          Harm     .   (no cloak)
rCorr   .          Rampage  .   (no gloves)
Will    .....                   (no boots)
Stlth   ++........              (no amulet)
HPRegen 0.08/turn               (no ring)
MPRegen 0.08/turn               (no ring)

@: no status effects
A: no striking features
a: no special abilities


You were on level 1 of the Dungeon.
You visited 1 branch of the dungeon, and saw 1 of its levels.

You collected 21 gold pieces.

Inventory:

Hand Weapons
 a - a +0 spear (weapon)
Armour
 b - a +0 robe (worn)
Scrolls
 c - a scroll of enchant weapon {unknown}


   Skills:
 - Level 3.6 Fighting
 * Level 3.7 Polearms
 + Level 0.8 Armour
 - Level 2.4 Dodging
 - Level 1.5 Stealth


You had one spell level left.
You didn't know any spells.
Your spell library was empty.

Dungeon Overview and Level Annotations

Branches:
Dungeon (1/15)

Altars:


Message History

The jackal is severely wounded.
The jackal barely misses you. The jackal bites you.
You hit the jackal.
You kill the jackal!
You barely miss the jackal. The jackal closely misses you.
You hit the jackal but do no damage.
The jackal bites you but does no damage.
The jackal closely misses you.
You barely miss the jackal. The jackal barely misses you.
You hit the jackal.
The jackal is severely wounded.
The jackal bites you but does no damage.
You hit the jackal.
You kill the jackal!
No target in view!
No target in view!
No target in view!
Found a stone staircase leading down.
A quokka comes into view.
You hit the quokka.
You kill the quokka!
You have reached level 2!
You see here a quokka corpse.
A goblin comes into view.
It is wielding a +0 dagger of electrocution.
You reach to attack!
You closely miss the goblin. You barely miss the goblin.
The goblin closely misses you.
You miss the goblin.
The goblin hits you with a +0 dagger of electrocution.
You are electrocuted!
You are too injured to fight recklessly!
You are too injured to fight recklessly!
You are too injured to fight recklessly!
You are too injured to fight recklessly!
You are too injured to fight recklessly!
You completely miss the goblin.
The goblin hits you with a +0 dagger of electrocution.
* * * LOW HITPOINT WARNING * * *
You are electrocuted!!
Ouch! That really hurt!
You die...

.....................†.....#
.#######################.###
........> ..........#
.######## ........### .# #
#######.# .# #.#.. #.# .#
#.#.###.#.# .# #..g....#.#
.# #@#####.# ### #.......#
(.. ######### ... ... ... .


You could see a goblin.

Vanquished Creatures
  A hobgoblin (D:1)
  2 jackals (D:1)
  A kobold (D:1)
  A quokka (D:1)
  A bat (D:1)
6 creatures vanquished.

Notes
Turn   | Place    | Note
-------+----------+-------------------------------------------
     0 | D:1      | mordus the Hill Orc Monk began the quest for the Orb.
     0 | D:1      | Reached XP level 1. HP: 19/19 MP: 1/1
   272 | D:1      | Reached XP level 2. HP: 26/26 MP: 2/2
   295 | D:1      | Mangled by a goblin

Illustrated notes

Levels and vault maps discovered:
D:1:      kennysheep_arrival_seaside, layout_basic, minmay_small_reverse_x

Action                   || total
-------------------------++-------
Melee: Spear             ||    30
 Stab: Sleeping          ||     1
Armor: Robe              ||     4
Dodge: Dodged            ||    17

Table legend: (Time is in decaauts)
 A = Elapsed time spent in this place.
 B = Non-inter-level travel time spent in this place.
 C = Inter-level travel time spent in this place.
 D = Time resting spent in this place.
 E = Time spent auto-exploring this place.
 F = Levels seen in this place.
 G = Mean time per level.
                   A        B        C        D        E       F      G
               +--------+--------+--------+--------+--------+-----+--------+
         Total |    292 |    292 |      0 |      0 |    237 |   1 |  292.0 |
       Dungeon |    292 |    292 |      0 |      0 |    237 |   1 |  292.0 |
               +--------+--------+--------+--------+--------+-----+--------+

Top non-repeatable levels by time:
     D:1: 292 daAuts
